 Dungeon Crawl Stone Soup version 0.26-a0-672-g1df16c3386 (webtiles) character file.

Game seed: 9144134752836051190

861 robertstho the Thaumaturge (level 7, -3/37 HPs)
             Began as a Deep Elf Ice Elementalist on Oct 19, 2020.
             Slain by a killer bee (6 damage)
             ... on level 8 of the Dungeon.
             The game lasted 00:11:05 (5695 turns).

robertstho the Thaumaturge (DEIE)                   Turns: 5695, Time: 00:11:06

Health: -3/37      AC:  2    Str:  1    XL:     7   Next: 71%
Magic:  25/29      EV: 14    Int: 22    God:
Gold:   267        SH:  0    Dex: 15    Spells: 7/22 levels left

rFire    . . .     SeeInvis .   c - +0 short sword
rCold    . . .     Faith    .   (no shield)
rNeg     . . .     Spirit   .   a - +0 robe
rPois    .         Reflect  .   (no helmet)
rElec    .         Harm     .   (no cloak)
rCorr    .         Rampage  .   (no gloves)
MR       .....                  (no boots)
Stlth    ++........             (no amulet)
HPRegen  0.12/turn              h - ring of magical power
MPRegen  0.21/turn              v - -4 ring of strength (curse)

@: lethally poisoned (-3 -> -5), frozen ramparts
A: no striking features
a: no special abilities


You were on level 8 of the Dungeon.
You visited 1 branch of the dungeon, and saw 7 of its levels.

You collected 267 gold pieces.

Inventory:

Hand Weapons
 c - a +0 short sword (weapon)
Missiles
 m - 33 poisoned darts (quivered)
Armour
 a - a +0 robe (worn)
 w - the +1 buckler of Hues {Harm rPois rC+ Int-2, unknown}
   (You found it on level 9 of the Dungeon)

   It affects your intelligence (-2).
   It protects you from cold.
   It protects you from poison.
   It increases damage dealt and taken.
Jewellery
 h - a ring of magical power (left hand)
 j - an uncursed ring of see invisible
 v - a cursed -4 ring of strength (right hand)
Wands
 q - a wand of polymorph (2)
 u - a wand of flame (28)
 x - a wand of enslavement (5)
Scrolls
 b - 4 scrolls of identify {unknown}
 e - 3 scrolls of random uselessness {unknown}
 g - 3 scrolls of fear {unknown}
 i - 5 scrolls of remove curse {unknown}
 n - a scroll of noise {unknown}
 o - a scroll of immolation {unknown}
 s - a scroll of teleportation {unknown}
 t - a scroll of magic mapping {unknown}
Potions
 d - a potion of resistance {unknown}
 f - a potion of magic {unknown}
 k - 2 potions of curing {unknown}
 l - a potion of might {unknown}
 p - a potion of heal wounds
 r - 2 potions of brilliance {unknown}


   Skills:
 + Level 0.7 Fighting
 + Level 2.3 Short Blades
 + Level 3.5 Dodging
 + Level 3.2 Stealth
 + Level 0.2 Unarmed Combat
 * Level 8.4 Spellcasting
 + Level 0.2 Summonings
 * Level 6.8 Ice Magic
 + Level 0.1 Evocations


You had 7 spell levels left.
You knew the following spells:

 Your Spells              Type           Power        Failure   Level
a - Freeze                Ice            ####         1%          1
b - Frozen Ramparts       Ice            #####.       1%          3
c - Ozocubu's Armour      Ice            #####...     1%          3
d - Hailstorm             Conj/Ice       ###.....     17%         4
e - Summon Ice Beast      Ice/Summ       ###.....     17%         4

Your spell library contained the following spells:

 Spells                   Type           Power        Failure   Level


Dungeon Overview and Level Annotations

Branches:
Dungeon (9/15)               Lair (0/6) D:8
 Temple: D:4-7          Orc: D:9-12

Altars:

Annotations:
D:3 2 transporters, grandjackal's ghost, amateur HOFE
D:4 2 transporters


Message History

Okay, then.
The wall freezes the killer bee. x3
Your ice beast barely misses the killer bee.
The wall freezes the killer bee but do no damage.
Unknown command.
The wall freezes the killer bee. x5
You kill the killer bee!
The wall freezes the killer bee.
The killer bee stings you!
* * * LOW HITPOINT WARNING * * *
Unknown command.
Casting: Summon Ice Beast (quite dangerous; 17% risk of failure)
Confirm with . or Enter, or press ? or * to list all spells.
Aiming: Freeze (safe; 1% risk of failure)
Press: ? - help, Shift-Dir - straight line, f - killer bee
Aim: a killer bee (moderately wounded)
You freeze the killer bee.
The killer bee is moderately wounded.
The wall freezes the killer bee. x2; The killer bee barely misses you.
The wall freezes the killer bee.
The killer bee stings you.
You die...

≈≈≈≈≈≈≈h≈≈≈≈≈≈≈
≈≈≈≈≈≈≈≈≈h≈≈T.≈
≈≈.≈≈≈≈≈≈≈h≈≈..
....≈≈≈≈≈≈h..≈.
...≈≈≈≈†≈≈.....
#.##.#.Yh>....#
#..##..... #.####yy# ##.#
#......@# #
#######)#####.# #.......#
#######.#######
#########........#
#.......#.#####..#
#.#####.#.#####..# #.#
#.........#..# ##########
#.#
#.#.#.###.#..###........#


You could see 2 hounds, 2 killer bees and a friendly ice beast (summoned).

Vanquished Creatures
  A black bear (D:9)
  2 ogres
  A centaur (D:8)
  A big kobold (D:8)
  A bullfrog (D:9)
  A killer bee (D:8)
  An orc priest (D:4)
  An orc wizard (D:8)
  An iguana (D:4)
  Ijyb (D:3)
  6 gnolls (D:4)
  6 adders
  A howler monkey skeleton (D:9)
  A white imp (D:4)
  A nameless horror (D:8)
  An ooze (D:4)
  A dart slug (D:3)
  4 leopard geckos
  9 orcs
  A giant cockroach (D:2)
  4 goblins
  4 hobgoblins
  7 jackals
  6 bats
  4 frilled lizards
  14 kobolds
  A leopard gecko skeleton (D:4)
  A leopard gecko zombie (D:7)
  5 rats (D:1)
88 creatures vanquished.

Vanquished Creatures (collateral kills)
  An electric eel (D:8)
  An adder skeleton (D:8)
  A kobold (D:8)
  A leopard gecko skeleton (D:4)
4 creatures vanquished.

Grand Total: 92 creatures vanquished

Notes
Turn   | Place    | Note
-------+----------+-------------------------------------------
     0 | D:1      | robertstho the Deep Elf Ice Elementalist began the quest
                  | for the Orb.
     0 | D:1      | Reached XP level 1. HP: 10/10 MP: 6/6
   743 | D:1      | Reached XP level 2. HP: 15/15 MP: 6/8
  1645 | D:2      | Reached XP level 3. HP: 18/19 MP: 7/10
  1709 | D:2      | Learned a level 3 spell: Frozen Ramparts
  1713 | D:2      | Learned a level 3 spell: Ozocubu's Armour
  1722 | D:2      | Reached skill level 4 in Spellcasting
  1848 | D:2      | Reached skill level 5 in Ice Magic
  2004 | D:2      | Noticed an ice beast
  2477 | D:3      | Found a transporter.
  2477 | D:3      | Noticed Ijyb
  2486 | D:3      | Killed Ijyb
  2486 | D:3      | Reached XP level 4. HP: 24/24 MP: 7/12
  2520 | D:3      | Noticed grandjackal's ghost (amateur HOFE)
  2522 | D:3      | Noticed an ogre
  2523 | D:3      | Noticed an ogre
  2528 | D:3      | Found a transporter.
  2578 | D:3      | Reached skill level 5 in Spellcasting
  3505 | D:4      | Reached XP level 5. HP: 28/28 MP: 11/14
  3594 | D:4      | Found a transporter.
  3861 | D:4      | Reached skill level 1 in Short Blades
  4096 | D:4      | Found a transporter.
  4125 | D:4      | Reached skill level 6 in Spellcasting
  4266 | D:4      | Learned a level 4 spell: Hailstorm
  4271 | D:4      | Learned a level 4 spell: Summon Ice Beast
  4340 | D:4      | Noticed an ogre
  4350 | D:4      | Killed an ogre
  4350 | D:4      | Reached XP level 6. HP: 32/32 MP: 12/17
  4482 | D:4      | You fall into a shaft and drop 3 floors!
  4612 | D:7      | You fall into a shaft and drop 2 floors!
  4764 | D:9      | Got a pitted buckler
  4914 | D:9      | Reached skill level 7 in Spellcasting
  4914 | D:9      | Reached XP level 7. HP: 14/37 MP: 19/19
  5128 | D:9      | Noticed a nameless horror
  5462 | D:8      | Reached skill level 8 in Spellcasting
  5689 | D:8      | Found a staircase to the Lair.
  5689 | D:8      | Noticed a troll
  5695 | D:8      | Slain by a killer bee

Illustrated notes

Levels and vault maps discovered:
D:1:      dpeg_arrival_arbitrary_a, layout_basic
D:2:      kennysheep_big_flooded_room, layout_basic, minmay_crystal_water
D:3:      layout_basic, gammafunk_ghost_smash, corexii_item_surrounded_by_moat,
          uniq_ijyb
D:4:      gammafunk_steamed_eel, layout_loops_corners, grunt_decor_cap
D:7:      layout_rooms, uniq_menkaure
D:8:      layout_loops_corners, nicolae_qazlal_eye_of_the_storm,
          erik_lair_island
D:9:      layout_loops_ring, cheibriados_altar_1

Skill      XL: |  1  2  3  4  5  6  7 |
---------------+----------------------+-----
Spellcasting   | 4 5 6 7 8 |  8.4
Ice Magic      | 5 6 |  6.8
Stealth        | 3 |  3.2
Dodging        | 3 |  3.5
Short Blades   | 1 2 |  2.3
Fighting       | |  0.7
Unarmed Combat | |  0.2
Summonings     | |  0.2
Evocations     | |  0.1

Action                   |  1- 3 |  4- 6 |  7- 9 || total
-------------------------+-------+-------+-------++-------
Melee: Unarmed           |    14 |       |       ||    14
       Short sword       |    45 |    50 |     4 ||    99
 Cast: Freeze            |    28 |     2 |     4 ||    34
       Frozen Ramparts   |     4 |    15 |     9 ||    28
       Summon Ice Beast  |       |     2 |     4 ||     6
       Ozocubu's Armour  |       |     1 |       ||     1
Evoke: Wand              |       |     3 |       ||     3
  Use: Potion            |       |     2 |       ||     2
 Stab: Sleeping          |     4 |     3 |       ||     7
Armor: Robe              |    17 |    11 |     1 ||    29
       Skin              |     2 |       |       ||     2
Dodge: Dodged            |    69 |    43 |    21 ||   133

Table legend: (Time is in decaauts)
 A = Elapsed time spent in this place.
 B = Non-inter-level travel time spent in this place.
 C = Inter-level travel time spent in this place.
 D = Time resting spent in this place.
 E = Time spent auto-exploring this place.
 F = Levels seen in this place.
 G = Mean time per level.
                   A        B        C        D        E       F      G
               +--------+--------+--------+--------+--------+-----+--------+
         Total |   5704 |   5641 |     63 |    343 |   4440 |   7 |  814.9 |
       Dungeon |   5704 |   5641 |     63 |    343 |   4440 |   7 |  814.9 |
               +--------+--------+--------+--------+--------+-----+--------+

Top non-repeatable levels by time:
     D:1: 1327 daAuts
     D:4: 1241 daAuts
     D:3: 1198 daAuts
     D:2: 725 daAuts
     D:8: 542 daAuts
     D:9: 538 daAuts
     D:7: 130 daAuts
